 Dungeon Crawl Stone Soup version 0.30.1-11-g7821555f0a (webtiles) character file.

Game seed: 11026343976393660298

14 H0rd4k the Charlatan (level 2, -2/21 HPs)
             Began as a Human Artificer on Dec 18, 2023.
             Slain by a gnoll
             ... wielding a +0 whip
              (6 damage)
             ... on level 2 of the Dungeon.
             The game lasted 00:00:48 (1075 turns).

H0rd4k the Charlatan (Human Artificer)              Turns: 1075, Time: 00:00:49

Health: -2/21      AC:  3    Str: 12    XL:     2   Next: 60%
Magic:  2/2        EV: 11    Int: 11    God:
Gold:   64         SH:  0    Dex: 13    Spells: 1/1 levels left

rFire   . . .        a - +0 club
rCold   . . .        (no shield)
rNeg    . . .        b - +0 leather armour
rPois   .            (no helmet)
rElec   .            (no cloak)
rCorr   .            (no gloves)
SInv    .            (no boots)
Will    .....        (no amulet)
Stlth   +            (no ring)
HPRegen 0.23/turn    (no ring)
MPRegen 0.08/turn

%: no passive effects
@: no status effects
A: no striking features
a: no special abilities


You were on level 2 of the Dungeon.
You visited 1 branch of the dungeon, and saw 2 of its levels.

You collected 64 gold pieces.

Inventory:

Hand Weapons
 a - a +0 club (weapon)
Armour
 b - a +0 leather armour (worn)
Wands
 c - a wand of flame (15) (quivered)
 d - a wand of charming (14)
 e - a wand of iceblast (5)
Scrolls
 f - a scroll of amnesia {unknown}
 g - a scroll of immolation {unknown}
 h - 2 scrolls of poison {unknown}
 i - a scroll of teleportation {unknown}
 k - a scroll of vulnerability {unknown}
 m - a scroll of noise {unknown}
 n - a scroll of magic mapping {unknown}
Potions
 j - a potion of lignification {unknown}
 l - 3 potions of degeneration {unknown}


   Skills:
 + Level 1.5 Fighting
 + Level 0.1 Maces & Flails
 - Level 2.0 Armour
 + Level 2.0 Dodging
 - Level 1.0 Stealth
 - Level 3.0 Evocations


You had one spell level left.
You didn't know any spells.
Your spell library contained the following spells:

 Spells                   Type           Power      Damage    Failure   Level
 Foxfire                  Conj/Fire      0%         2x1d4     41%         1


Dungeon Overview and Level Annotations

Branches:
Dungeon (2/15)

Altars:

Shops:
D:1 *


Message History

There are monsters nearby!
You closely miss the ball python.
The ball python bites you but does no damage.
The ball python barely misses you.
There are monsters nearby!
You hit the ball python.
You kill the ball python!
Your Dodging skill increases to level 2!
A rat is nearby!
The rat closely misses you.
You see here a ball python corpse.
You hit the rat.
You kill the rat!
Key pressed, stopping explore.
No target in view!
No target in view!
You now have 64 gold pieces (gained 14).
You see here a +0 spear.
A gnoll comes into view. It is wielding a +0 whip.
The gnoll moves out of view.
The gnoll shouts!
You hear a shout!
A gnoll comes into view. It is wielding a +0 whip.
There are monsters nearby!
There are monsters nearby!
The gnoll shouts!
The gnoll hits you with a +0 whip.
You hit the gnoll.
The gnoll is lightly wounded.
The gnoll hits you with a +0 whip. x2
A gnoll comes into view. It is wielding a +0 whip.
There are monsters nearby!
You hit the gnoll.
The gnoll is heavily wounded.
The gnoll hits you with a +0 whip.
* * * LOW HITPOINT WARNING * * *
Aiming: Charm
Press: ? - help, Shift-Dir - straight line, f - gnoll
Aim: a gnoll, wielding a +0 whip (heavily wounded, chance to affect: 65%)
The gnoll struggles to resist.
The gnoll hits you with a +0 whip.
You die...

#.....#####.##.#......#
#.....##....##.#.######
#........#####.........#
#.....#.)# #.........#
......#..# #..........
...####..# #.#########
...# #..# #.........#
...# #..### ##........#
...# #....# #..@......#
...####.##.# #...g.....#
...........# #.........#
#######.#..# ##.........
#....#..# #.....g..#
#.####..# ######.#.#
#.......# .#.. #########
.


You could see 2 gnolls.

Vanquished Creatures
  A dart slug (D:1)
  A ball python (D:2)
  An endoplasm (D:1)
  A hobgoblin (D:1)
  3 kobolds (D:1)
  A quokka (D:1)
  A bat (D:1)
  A goblin (D:1)
  2 rats
12 creatures vanquished.

Notes
Turn   | Place    | Note
-------+----------+-------------------------------------------
     0 | D:1      | H0rd4k the Human Artificer began the quest for the Orb.
     0 | D:1      | Reached XP level 1. HP: 15/15 MP: 1/1
    84 | D:1      | Found a faded altar of an unknown god.
    87 | D:1      | Got Plato's Tome of Heat
   378 | D:1      | Found Jypnit's General Store.
   388 | D:1      | Reached XP level 2. HP: 21/21 MP: 2/2
  1075 | D:2      | Slain by a gnoll

Illustrated notes

Levels and vault maps discovered:
D:1:      eino_arrival_cavern_b, layout_loops_cross, serial_shops,
          nicolae_square_shop, shapermc_ecumenical_altar_rom_forum,
          minmay_misc_feat_roman
D:2:      layout_basic, minmay_goblin_outpost

Skill      XL: |  1  2 |
---------------+-------+-----
Dodging        | 2 |  2.0
Fighting       | |  1.5
Maces & Flails | |  0.1
Armour         | |  2.0
Stealth        | |  1.0
Evocations     | |  3.0

Action                     || total
---------------------------++-------
  Melee: Club              ||    65
  Evoke: Wand              ||     1
   Stab: Sleeping          ||     1
 Armour: Leather armour    ||    27
  Dodge: Dodged            ||    43
